 Dungeon Crawl Stone Soup version 0.22-a0-305-gd21a89c (webtiles) character file.

1143 mortelune the Grave Robber (level 8, -2/72 HPs)
             Began as a Deep Dwarf Necromancer on Mar 30, 2018.
             Shot with an arrow by a centaur (4 damage)
             ... on level 5 of the Dungeon.
             The game lasted 00:23:58 (7050 turns).

mortelune the Grave Robber (Deep Dwarf Necromancer) Turns: 7050, Time: 00:23:59

Health: -2/72      AC:  4    Str: 13    XL:     8   Next: 15%
Magic:  9/13       EV: 14    Int: 17    God:
Gold:   302        SH:  0    Dex: 13    Spells: 5/14 levels left

rFire    . . .     SeeInvis .   k - +4 spear (pierce)
rCold    . . .     Gourm    .   (no shield)
rNeg     . . .     Faith    .   a - +0 robe
rPois    .         Spirit   .   l - +0 helmet
rElec    .         Reflect  .   (no cloak)
rCorr    .         Harm     .   (no gloves)
MR       +....                  e - +0 pair of boots
Stlth    ++........             (no amulet)
HPRegen  0.00/turn              (no ring)
MPRegen  0.13/turn              (no ring)

@: non-regenerating
A: damage resistance, heal wounds, sense surroundings 1, no regeneration
a: Heal Wounds


You were on level 5 of the Dungeon.
You were hungry.

You visited 1 branch of the dungeon, and saw 6 of its levels.
You also visited: Ossuary.

You collected 302 gold pieces.

Inventory:

Hand Weapons
 k - a +4 spear of piercing (weapon)
 n - a +1 dagger of draining
Armour
 a - a +0 robe (worn)
 e - a +0 pair of boots (worn)
 h - a +0 pair of boots
 l - a +0 helmet (worn)
Jewellery
 m - an uncursed ring of see invisible {unknown}
Wands
 f - a wand of digging (27)
Scrolls
 b - a scroll of teleportation {unknown}
 d - 2 scrolls of fear
 g - 5 scrolls of remove curse
 i - a scroll of enchant weapon {unknown}
 q - a scroll of enchant armour {unknown}
 t - a scroll of fog {unknown}
 v - a scroll of random uselessness {unknown}
 y - 2 scrolls of magic mapping {unknown}
 D - a scroll of identify
Potions
 j - 4 potions of degeneration
 o - a potion of brilliance
 p - 3 potions of agility
 r - a potion of heal wounds
 s - 2 potions of berserk rage
 u - a potion of flight
 w - 3 potions of curing
 z - a potion of invisibility {unknown}
 A - a potion of resistance
 B - a potion of haste
 C - a potion of might {unknown}
Comestibles
 c - 7 rations


   Skills:
 + Level 3.6 Fighting
 * Level 3.0 Polearms
 + Level 5.2 Dodging
 - Level 2.4 Stealth
 + Level 3.9 Spellcasting
 - Level 7.0 Necromancy


You had 5 spell levels left.
You knew the following spells:

 Your Spells              Type           Power        Failure   Level  Hunger
a - Pain                  Necr           ####         1%          1    None
b - Animate Skeleton      Necr           N/A          1%          1    None
c - Vampiric Draining     Necr           ####......   2%          3    ###....
d - Animate Dead          Necr           N/A          9%          4    ####...


Dungeon Overview and Level Annotations

Branches:
Dungeon (6/15)
 Temple: D:4-7

Altars:
Okawaru
Qazlal
Ru
Sif Muna
Wu Jian

Annotations:
D:2 Sigmund
D:4 CasualChangeling's ghost, amateur MiMo; Menkaure
D:5 Dowan; Duvessa
D:6 BattleRest's ghost, novice HOFi


Innate Abilities, Weirdness & Mutations

You are resistant to damage.
You can heal yourself by infusing magical energy.
You passively map a small area around you.
You do not regenerate.


Message History

Aiming: Pain (safe; 1% risk of failure)
Press: ? - help, Shift-Dir - straight line, f/p - centaur
Aim: a centaur, wielding an enchanted shortbow (almost dead, chance to defeat MR: 84%)
The centaur writhes in agony!
You kill the centaur!
Your Polearms skill increases to level 3!
Found a stone staircase leading up.
A centaur comes into view.
The centaur wields a shortbow.
The centaur shoots an arrow.
The arrow hits you!
You see here an arrow.
The centaur shoots an arrow.
The arrow hits you!
The centaur shoots an arrow.
The arrow hits you!
* * * LOW HITPOINT WARNING * * *
You see here 2 arrows.
The centaur shoots an arrow.
The arrow misses you.
The centaur shoots an arrow.
The arrow hits you!
* * * LOW HITPOINT WARNING * * *
You see here an arrow.
You fail to use your ability.
The centaur shoots an arrow.
The arrow hits you.
You die...

.......... ###### #..#
.........,##....###..## ,
#........ #......##...## ,
#........ #......##....##
#.......####≈≈...#......#
........P...)≈...........
,
........####≈≈.(.........
,,
.......(.(.......(.......
,
#.....##@.(.......####...
...c.<..##........# #...
..........#.........##...
,..........#..............
........#.#....#.........
,.....#..#......#.........
....#..##............... ,
... ... , , * , ,, , *


You could see a centaur.

Vanquished Creatures
  2 ogres
  2 centaurs (D:5)
  2 centaur zombies (Ossuary)
  2 bullfrog zombies (Ossuary)
  A hound (D:6)
  2 orc priests
  Ijyb (D:3)
  An iguana (D:5)
  A worker ant (D:1)
  A killer bee zombie (Ossuary)
  2 hound zombies (Ossuary)
  A hound skeleton (D:5)
  5 worker ant zombies (Ossuary)
  Robin (D:2)
  A howler monkey zombie (Ossuary)
  6 mummies (Ossuary)
  4 gnolls
  A howler monkey skeleton (D:4)
  10 adders
  A shadow imp (D:5)
  An adder zombie (Ossuary)
  3 dart slugs
  7 leopard geckos
  10 orcs
  4 ball pythons
  A giant cockroach (D:1)
  18 goblins
  17 hobgoblins
  7 jackals
  8 kobolds
  2 quokkas (D:2)
  10 bats
  3 frilled lizards
  A giant cockroach zombie (Ossuary)
  2 leopard gecko zombies (Ossuary)
  2 quokka skeletons
  A quokka zombie (Ossuary)
  8 rats
  A withered plant (Ossuary)
153 creatures vanquished.

Vanquished Creatures (collateral kills)
  A worm (D:3)
  A jackal (D:1)
2 creatures vanquished.

Vanquished Creatures (others)
  2 withered plants (Ossuary)
2 creatures vanquished.

Grand Total: 157 creatures vanquished

Notes
Turn   | Place    | Note
-------+----------+-------------------------------------------
     0 | D:1      | mortelune the Deep Dwarf Necromancer began the quest for the Orb.
     0 | D:1      | Reached XP level 1. HP: 15/15 MP: 3/3
   101 | D:1      | Learned a level 1 spell: Animate Skeleton
   258 | D:1      | Reached XP level 2. HP: 22/24 MP: 1/4
   951 | D:1      | Reached XP level 3. HP: 15/30 MP: 2/6
   956 | D:1      | Learned a level 3 spell: Vampiric Draining
  1364 | D:2      | Reached skill level 1 in Fighting
  1366 | D:2      | Noticed Robin
  1472 | D:2      | Reached skill level 5 in Necromancy
  1636 | D:1      | Reached XP level 4. HP: 18/38 MP: 0/7
  1906 | D:2      | Found a faded altar of an unknown god.
  1921 | D:2      | Noticed Sigmund
  1943 | D:2      | Killed Robin
  2409 | D:2      | Reached XP level 5. HP: 42/44 MP: 0/8
  3193 | D:3      | Noticed Ijyb
  3214 | D:3      | Killed Ijyb
  3424 | D:3      | Learned a level 4 spell: Animate Dead
  3449 | D:3      | Found a sacrificial altar of Ru.
  4101 | D:3      | Reached skill level 6 in Necromancy
  4105 | D:3      | Reached XP level 6. HP: 44/52 MP: 0/10
  4337 | D:3      | Found a stormy altar of Qazlal.
  5022 | D:4      | Found a deep blue altar of Sif Muna.
  5412 | D:4      | Found an iron altar of Okawaru.
  5554 | D:4      | Noticed Menkaure
  5597 | D:4      | Noticed CasualChangeling's ghost (amateur MiMo)
  5777 | D:4      | Found an ornate altar of the Wu Jian Council.
  5887 | D:5      | Entered Level 5 of the Dungeon
  5899 | D:5      | Reached XP level 7. HP: 53/61 MP: 3/11
  5908 | D:5      | Found a sand-covered staircase.
  5960 | Ossuary  | Entered an ossuary
  6072 | Ossuary  | Reached skill level 7 in Necromancy
  6121 | Ossuary  | Reached skill level 1 in Polearms
  6487 | D:5      | Noticed Duvessa
  6489 | D:5      | Noticed Dowan
  6524 | D:6      | Noticed BattleRest's ghost (novice HOFi)
  6801 | D:5      | Reached skill level 5 in Dodging
  6801 | D:5      | Reached XP level 8. HP: 55/69 MP: 2/13
  7049 | D:5      | HP: 2/72 [centaur/arrow (13)]
  7050 | D:5      | Shot with an arrow by a centaur

Vault maps used:
D:1:      lightli_iron_boxes
D:2:      chequers_ecumenical_altar_simple_redux, st_stairs_1,
          minmay_tetromino_o4, uniq_sigmund, uniq_robin
D:3:      nicolae_qazlal_general_emergency, first_ration,
          nicolae_ru_sacrificial_ziggurat, uniq_ijyb
D:4:      lemuel_blue_sif_altar, kennysheep_little_box, okawaru_gym_becter,
          minivault_4, st_stairs_5, uniq_menkaure
D:5:      lemuel_crystal_altar, makhleb_blood_cavern_becter, enter_ossuary_1,
          kb_lookout_dungeons_type, uniq_edmund, uniq_duvessa
D:6:      gammafunk_temple_overflow_wave, minmay_temple_entry_glass,
          uniq_eustachio, uniq_blork_the_orc, uniq_grinder
Ossuary:  ossuary_zaba_flooded

Skill      XL: |  1  2  3  4  5  6  7  8 |
---------------+-------------------------+-----
Spellcasting   | 2 3 |  3.9
Fighting       | 1 2 3 |  3.6
Necromancy     | 5 6 7 |  7.0
Dodging        | 3 4 5 |  5.2
Polearms       | 2 3 |  3.0
Stealth        | |  2.4

Action                   |  1- 3 |  4- 6 |  7- 9 || total
-------------------------+-------+-------+-------++-------
Melee: Short sword       |    27 |       |       ||    27
       Spear             |       |    77 |   183 ||   260
       Unarmed           |       |     1 |       ||     1
 Cast: Pain              |    49 |    93 |     9 ||   151
       Animate Skeleton  |     6 |     1 |       ||     7
       Vampiric Draining |     5 |    40 |     9 ||    54
       Animate Dead      |       |     5 |     2 ||     7
 Abil: Heal Wounds       |       |       |     1 ||     1
  Use: Potion            |       |     5 |     3 ||     8
       Scroll            |       |     7 |     2 ||     9
  Eat: Chunk             |     4 |    17 |       ||    21
       Ration            |       |     1 |     1 ||     2
Armor: Robe              |    16 |    37 |    34 ||    87
       Skin              |       |     7 |       ||     7
Dodge: Dodged            |    49 |   181 |   121 ||   351

Table legend:
 A = Spawn XP
 B = Non-spawn XP
 C = Spawn XP percentage of total XP
 D = Spawn monster count
 E = Non-spawn monster count
 F = Spawn count percentage of total count
 G = Total turns spent on level
                    A         B        C        D         E        F      G
               +---------+---------+-------+---------+---------+-------+---------
         Total |       0 |    1634 |   0.0 |       0 |     154 |   0.0 |  7050
               +---------+---------+-------+---------+---------+-------+---------
           D:1 |       0 |      99 |   0.0 |       0 |      35 |   0.0 |  1984
           D:2 |       0 |     121 |   0.0 |       0 |      32 |   0.0 |  1176
           D:3 |       0 |     205 |   0.0 |       0 |      40 |   0.0 |  1968
           D:4 |       0 |     242 |   0.0 |       0 |      12 |   0.0 |   759
           D:5 |       0 |     425 |   0.0 |       0 |       9 |   0.0 |   723
           D:6 |       0 |      56 |   0.0 |       0 |       2 |   0.0 |    37
       Ossuary |       0 |     486 |   0.0 |       0 |      24 |   0.0 |   403
               +---------+---------+-------+---------+---------+-------+---------
